 Dungeon Crawl Stone Soup version 0.28.0-43-g3370ac3207 (webtiles) character file.

Game seed: 396354283142407673

41022 pkoi the Thaumaturge (level 13, -1/56 HPs)
             Began as a Spriggan Air Elementalist on Mar 8, 2022.
             Was a High Priest of Sif Muna.
             Shot with an arrow by Nessos (16 damage)
             ... on level 4 of the Lair of Beasts.
             The game lasted 00:56:48 (36801 turns).

pkoi the Thaumaturge (Spriggan Air Elementalist)   Turns: 36801, Time: 00:56:51

Health: -1/56      AC:  3    Str:  6    XL:     13   Next: 77%
Magic:  18/31      EV: 20    Int: 22    God:    Sif Muna [*****.]
Gold:   1161       SH:  0    Dex: 15    Spells: 22/39 levels left

rFire   + . .      SeeInvis +   B - staff of air
rCold   . . .      Faith    .   (shield currently unavailable)
rNeg    + . .      Spirit   .   c - +0 robe of Tempters {Harm Str-5 SInv Archmagi}
rPois   .          Reflect  .   F - +1 hat
rElec   +          Harm     +   (no cloak)
rCorr   +          Rampage  .   (gloves unavailable)
Will    ++...      Archmagi +   (boots unavailable)
Stlth   +++++.....              x - amulet of the acrobat
HPRegen 0.18/turn               h - ring of positive energy
MPRegen 0.22/turn               J - ring of Symmetry {rF+ rCorr Str+7}

@: lethally poisoned (-1 -> -18), very quick
A: very small, no large weapons, unfitting armour, see invisible, speed 3, claws
1, mutation resistance 1
a: Renounce Religion, Channel Magic, Forget Spell, Divine Exegesis


You were on level 4 of the Lair of Beasts.
You worshipped Sif Muna.
Sif Muna was extremely pleased with you.
You visited 3 branches of the dungeon, and saw 18 of its levels.
You also visited: Bailey.

You collected 1161 gold pieces.

Inventory:

Hand Weapons
 b - a +0 dagger of freezing
 g - a +5 short sword
 i - a +6 flail of draining
 l - a +2 dagger of venom
 p - the +5 falchion "Zaynyst" {speed, rF++ rC- rN+++ Str-3}
   (You found it on level 5 of the Dungeon)

   Attacks with this weapon are significantly faster.
   Str:       It affects your strength (-3).
   rF:        It greatly protects you from fire.
   rC:        It makes you vulnerable to cold.
   rN:        It renders you almost immune to negative energy.
 y - the +2 quarterstaff of the King {pain, rF+++}
   (You took it off an orc on level 9 of the Dungeon)

   In the hands of one skilled in necromantic magic, it inflicts extra damage on
   living creatures.
   rF:        It renders you almost immune to fire.
Missiles
 w - 2 throwing nets
Armour
 c - the +0 robe of Tempters (worn) {Harm Str-5 SInv Archmagi}
   (You found it on level 1 of the Lair of Beasts)

   Str:       It affects your strength (-5).
   SInv:      It lets you see invisible.
   Harm:      It increases damage dealt and taken.
   Archmagi:  It increases the power of your magical spells.
 q - a +1 robe of willpower
 F - a +1 hat (worn)
Magical Staves
 m - a staff of cold
 B - a staff of air (weapon)
Jewellery
 h - a ring of positive energy (left claw)
 j - an amulet of faith
 x - an amulet of the acrobat (around neck)
 z - a ring of protection from fire
 J - the ring of Symmetry (right claw) {rF+ rCorr Str+7}
   (You found it on level 1 of the Lair of Beasts)

   [ring of resist corrosion]

   Str:       It affects your strength (+7).
   rF:        It protects you from fire.
   rCorr:     It protects you from acid and corrosion.
 L - a ring of ice
Wands
 e - a wand of flame (28)
 n - a wand of acid (2)
 u - a wand of mindburst (6)
 G - a wand of iceblast (8)
Scrolls
 d - a scroll of enchant armour
 f - a scroll of summoning
 o - 2 scrolls of fog
 s - 7 scrolls of teleportation
 t - 2 scrolls of silence
 A - 2 scrolls of enchant weapon
 C - 5 scrolls of magic mapping
 D - 7 scrolls of identify
Potions
 a - 2 potions of flight
 k - a potion of haste
 r - 2 potions of ambrosia
 v - 2 potions of might
 E - a potion of heal wounds
 I - 5 potions of curing
 K - a potion of magic
Miscellaneous
 H - a phantom mirror


   Skills:
 - Level 0.8 Fighting
 - Level 1.2 Short Blades
 - Level 6.1 Dodging
 - Level 12.0 Stealth
 + Level 13.7 Spellcasting
 - Level 3.0 Conjurations
 + Level 7.1 Necromancy
 - Level 6.0 Ice Magic
 - Level 12.0 Air Magic
 + Level 7.1 Earth Magic
 - Level 3.0 Poison Magic
 + Level 5.2 Invocations


You had 22 spell levels left.
You knew the following spells:

 Your Spells              Type           Power      Damage    Failure   Level
a - Shock                 Conj/Air       100%       1d9       1%          1
c - Airstrike             Air            50%        N/A       1%          4
d - Poisonous Vapours     Pois/Air       100%       N/A       1%          2
e - Borgnjor's Vile Clut  Necr/Erth      31%        N/A       6%          5
f - Frozen Ramparts       Ice            100%       1d12      1%          3
g - Corpse Rot            Necr/Air       100%       N/A       1%          2

Your spell library contained the following spells:

 Spells                   Type           Power      Damage    Failure   Level
 Freeze                   Ice            100%       1d11      1%          1
 Static Discharge         Conj/Air       83%        N/A       1%          2
 Swiftness                Air            100%       N/A       1%          3
 Vampiric Draining        Necr           63%        2d10      1%          3
 Animate Dead             Necr           31%        N/A       2%          4
 Dispel Undead            Necr           63%        3d22      2%          4
 Hailstorm                Conj/Ice       51%        3d11      6%          4
 Agony                    Necr           63%        N/A       6%          5
 Dazzling Flash           Conj/Hex       64%        N/A       7%          3
 Silence                  Hex/Air        38%        N/A       10%         5
 Ice Form                 Ice/Tmut       42%        N/A       12%         4
 Sticky Flame             Conj/Fire      32%        2d5       22%         4
 Death Channel            Necr           31%        N/A       34%         6
 Summon Forest            Summ/Tloc      11%        N/A       75%         5
 Ozocubu's Refrigeration  Ice            29%        4d10      96%         7
 Haunt                    Necr/Summ      23%        N/A       100%        7
 Malign Gateway           Summ/Tloc      11%        N/A       100%        7
 Infestation              Necr           31%        N/A       100%        8
 Death's Door             Necr           31%        N/A       100%        9


Dungeon Overview and Level Annotations

Branches:
Dungeon (13/15)            Temple (1/1) D:4            Lair (4/6) D:9
 Spider (0/4) Lair:3          Orc (0/2) D:10         Bailey (visited)
  Swamp: Lair:2-4    Shoals: Lair:2-4    Vaults: D:13-14

Altars:
Ashenzari
Cheibriados
Dithmenos
Elyvilon
Fedhas
Hepliaklqana
Kikubaaqudgha
Makhleb
Nemelex Xobeh
Okawaru
Qazlal
Ru
Sif Muna
Trog
Uskayaw
Vehumet
Wu Jian
Xom
Yredelemnul
Zin
The Shining One

Shops:
D:6 (   D:9 *

Annotations:
D:6 Maggie
D:9 exclusion: statue
D:13 3 runed translucent doors, Xuta's ghost, journeyman FoFi
Lair:1 2 transporters, pkoi's ghost, journeyman SpMo
Lair:3 3 runed translucent doors, mortz's ghost, journeyman HuCj
Lair:4 Nessos; Sonja


Innate Abilities, Weirdness & Mutations

You are very small and have problems with some larger weapons.
You are too small for most types of armour.
You have supernaturally acute eyesight. (SInv)
You cover ground extremely quickly. (Speed+++)
You have sharp fingernails.
You are somewhat resistant to further mutation.


Message History

There are monsters nearby!
A killer bee comes into view.
Casting: Airstrike (safe; 1% risk of failure)
Confirm with . or Enter, or press ? or * to list all spells.
The spell is quite dangerous to miscast (6% risk of failure)!
Continue anyway?
Aiming: Borgnjor's Vile Clutch (quite dangerous; 6% risk of failure)
Press: ? - help, Shift-Dir - straight line, f - Nessos
Aim: Nessos, wearing a +2 barding and quivering arrows (wandering, hasn't noticed you, 100% to hit)
You feel a surge of power!
Nessos shouts!
Zombie hands grab Nessos.
The zombie hands constrict Nessos, but do no damage.
Nessos wields a +1 longbow of flaming.
It bursts into flame!
Nessos shoots an arrow.
The arrow misses you.
Nessos shoots an arrow.
The arrow hits you!!
* * * LOW HITPOINT WARNING * * *
The arrow burns you.
You are poisoned.
* * * LOW HITPOINT WARNING * * *
Aiming: Airstrike (safe; 1% risk of failure)
Press: ? - help, Q - select action, (/) - cycle Dir - move target, f/p - Nessos
Aim: Nessos, wielding a +1 longbow of flaming, wearing a +2 barding and quivering arrows (constricted by zombie hands, empty space bonus: 7/8)
You feel a strong surge of power!
The air twists around and strikes Nessos!!
Nessos is moderately wounded.
The zombie hands constrict Nessos.
* * * LOW HITPOINT WARNING * * *
You feel very sick.
Nessos shoots an arrow.
The arrow completely misses you.
Aiming: Airstrike (safe; 1% risk of failure)
Press: ? - help, Q - select action, (/) - cycle Dir - move target, f/p - Nessos
Aim: Nessos, wielding a +1 longbow of flaming, wearing a +2 barding and quivering arrows (heavily wounded, constricted by zombie hands, empty space bonus: 7/8)
You feel a strong surge of power!
The air twists around and strikes Nessos!
Nessos is severely wounded.
The zombie hands constrict Nessos!
* * * LOW HITPOINT WARNING * * *
You feel very sick.
Nessos shoots an arrow.
The arrow hits you!
You die...

....... ......
.......##......
....#c.......##.
.....#.............
.....................
.............^....... .
.....P........# ..♣ #.
...#..#@....##..♣♣ .. ##.
#†#...#.........♣♣ . y ....
#.....#..........y y♣..
....P#...P..........# .[.♣
c..........#........#♣♣..♣
#..#..#...#.#.......♣..♣
..#..##.######........♣.♣.≈≈
.........# #...........≈.# .
...c......# #.#....♣♣.≈≈≈##


You could see Nessos (clutched).

Vanquished Creatures
  Rupert (Lair:3)
  Fannar (Lair:3)
  2 hydras
  A boulder beetle (D:12)
  7 two-headed ogres
  2 tengu warriors (D:13)
  Urug (Lair:2)
  4 lindwurms (Lair:3)
  An oklob plant (Lair:3)
  Pikel (D:3)
  An ugly thing (D:13)
  A manticore (D:13)
  2 cyclopes
  6 elephants
  Joseph (Lair:1)
  2 black mambas (Lair:2)
  An unseen horror (D:13)
  2 cane toads
  2 rime drakes
  9 komodo dragons
  A kobold demonologist (D:12)
  6 trolls
  A polar bear (Lair:2)
  2 hornets
  Grinder (D:6)
  3 blink frogs (Lair:1)
  2 spriggans (Lair:2)
  2 wyverns
  44 yaks
  A shadow (D:9)
  A vampire (D:13)
  A wraith (D:11)
  2 redbacks (Lair:3)
  3 vampire mosquitoes (D:13)
  5 basilisks
  A steam dragon (D:8)
  Grum (D:8)
  Edmund (D:6)
  9 water moccasins
  2 acid dragons
  An ice beast (D:8)
  4 orc warriors
  A black bear (Lair:2)
  A necrophage (D:7)
  A centaur (D:10)
  5 ogres
  31 wolves
  2 lemures (D:4)
  Blork the orc (D:5)
  2 phantoms
  A kobold brigand (D:9)
  8 bullfrogs
  A gnoll sergeant (Bailey)
  A scorpion (D:5)
  2 wyvern zombies
  A wyvern skeleton (D:6)
  27 killer bees
  3 howler monkeys
  An electric eel (D:8)
  3 centaur zombies
  7 hounds
  3 jellies
  8 orc priests
  A bullfrog zombie (D:6)
  A centaur skeleton (D:4)
  3 iron imps (D:3)
  6 iguanas
  Natasha (thrice) (D:2)
  7 orc wizards
  3 hound skeletons
  4 gnolls (Bailey)
  7 adders
  2 ufetubi
  A dart slug (D:1)
  37 orcs
  8 ball pythons
  2 bat zombies (D:3)
  9 endoplasms
  5 giant cockroaches
  13 goblins
  6 hobgoblins
  6 quokkas
  3 bats
  6 frilled lizards
  13 kobolds
  6 rats
  4 rat zombies (D:3)
408 creatures vanquished.

Vanquished Creatures (collateral kills)
  An orc warrior (D:7)
  A centaur zombie (D:7)
  An orc (D:7)
3 creatures vanquished.

Vanquished Creatures (others)
  20 fungi
  25 plants
45 creatures vanquished.

Grand Total: 456 creatures vanquished

Notes
Turn   | Place    | Note
-------+----------+-------------------------------------------
     0 | D:1      | pkoi the Spriggan Air Elementalist began the quest for the
                  | Orb.
     0 | D:1      | Reached XP level 1. HP: 9/9 MP: 5/5
   776 | D:1      | Found a faded altar of an unknown god.
   823 | D:1      | Reached XP level 2. HP: 13/13 MP: 1/6
  1666 | D:1      | Reached XP level 3. HP: 16/16 MP: 6/8
  2109 | D:2      | Noticed Natasha
  2121 | D:2      | Killed Natasha
  2334 | D:2      | Reached XP level 4. HP: 21/21 MP: 7/9
  2945 | D:2      | Noticed Natasha
  3016 | D:2      | HP: 1/21 [orc/+2 flail of protection (10)]
  3489 | D:2      | Killed Natasha
  3584 | D:2      | Learned a level 3 spell: Swiftness
  3589 | D:2      | Learned a level 4 spell: Airstrike
  3608 | D:2      | Reached skill level 5 in Air Magic
  4156 | D:3      | Noticed a water moccasin
  4170 | D:2      | HP: 1/21 [poisoned by a water moccasin]
  4171 | D:2      | Noticed Natasha
  4428 | D:2      | Killed Natasha
  4429 | D:2      | Reached XP level 5. HP: 11/24 MP: 2/10
  5493 | D:3      | Reached skill level 1 in Short Blades
  5786 | D:3      | Found an ancient bone altar of Kikubaaqudgha.
  5891 | D:4      | Found an ornate altar of the Wu Jian Council.
  6153 | D:4      | Found a staircase to the Ecumenical Temple.
  6168 | D:4      | Noticed Pikel
  6168 | D:4      | Noticed a lemure
  6168 | D:4      | Noticed a lemure
  6176 | Temple   | Entered the Ecumenical Temple
  6233 | Temple   | Became a worshipper of Sif Muna the Loreminder
  6270 | D:4      | Found a sacrificial altar of Ru.
  6397 | D:4      | Noticed a lemure
  6683 | D:3      | Found a burning altar of Makhleb.
  6692 | D:3      | Reached XP level 6. HP: 20/29 MP: 11/11
  7055 | D:4      | Reached skill level 5 in Stealth
  7147 | D:4      | Found a snail-covered altar of Cheibriados.
  7167 | D:4      | Reached XP level 7. HP: 26/32 MP: 4/12
  7567 | D:5      | Entered Level 5 of the Dungeon
  8218 | D:5      | You fall into a shaft and drop 2 floors!
  8241 | D:7      | Noticed a hornet
  8263 | D:7      | Reached XP level 8. HP: 21/37 MP: 4/13
  8418 | D:7      | Found a sparkling altar of Nemelex Xobeh.
  8448 | D:7      | Paralysed by a hornet for 1 turns
  8450 | D:7      | Killed a hornet
  9120 | D:6      | Found a hide-covered altar of Uskayaw.
  9131 | D:6      | Reached * piety under Sif Muna
  9165 | D:6      | Found Soill's Weapon Shop.
  9179 | D:6      | Noticed Edmund
  9242 | D:6      | Killed Edmund
  9597 | D:6      | Noticed Grinder
  9717 | D:6      | Killed Grinder
 10584 | D:5      | Noticed Blork the orc
 10587 | D:5      | Killed Blork the orc
 10588 | D:5      | Reached XP level 9. HP: 40/40 MP: 1/14
 10701 | D:5      | Reached skill level 10 in Stealth
 11027 | D:5      | Identified the +5 falchion "Zaynyst" {speed, rF++ rC- rN+++
                  | Str-3}
 11977 | D:3      | Killed Pikel
 11978 | D:3      | Reached skill level 3 in Spellcasting
 11978 | D:3      | Reached skill level 10 in Air Magic
 12199 | D:6      | Noticed Maggie
 12270 | D:6      | Found the +12 glaive of Prune {vorpal}
 13047 | D:7      | Reached skill level 4 in Spellcasting
 13134 | D:7      | Learned a level 2 spell: Poisonous Vapours
 13150 | D:7      | Found a broken altar of Ashenzari.
 13928 | D:8      | Reached skill level 1 in Poison Magic
 15235 | D:8      | Reached skill level 5 in Spellcasting
 15246 | D:8      | Reached XP level 10. HP: 44/44 MP: 2/18
 15514 | D:8      | Noticed Grum
 15526 | D:8      | Killed Grum
 16311 | D:8      | Learned a level 5 spell: Borgnjor's Vile Clutch
 16400 | D:8      | Reached ** piety under Sif Muna
 16841 | D:9      | Found a shadowy altar of Dithmenos.
 16937 | D:9      | Found Ojeuh's General Store.
 16955 | D:9      | Learned a level 3 spell: Frozen Ramparts
 16976 | D:9      | Found a staircase to the Lair.
 17086 | D:9      | Identified the +2 quarterstaff of the King {pain, rF+++}
 17087 | D:9      | Found a radiant altar of Vehumet.
 17184 | D:9      | Gained mutation: You have sharp fingernails. [potion of
                  | mutation]
 17184 | D:9      | Gained mutation: You are somewhat resistant to further
                  | mutation. [potion of mutation]
 17193 | D:9      | Reached skill level 1 in Necromancy
 17193 | D:9      | Reached skill level 1 in Earth Magic
 17198 | D:9      | HP: 2/44 [killer bee (7)]
 17411 | D:9      | Found a flagged portal.
 17417 | Bailey   | Entered a bailey
 18182 | D:9      | Reached skill level 1 in Ice Magic
 18464 | D:9      | Reached skill level 6 in Spellcasting
 18614 | D:9      | Found a blossoming altar of Fedhas.
 19329 | D:10     | Entered Level 10 of the Dungeon
 19545 | D:10     | Reached skill level 7 in Spellcasting
 19750 | Lair:1   | Entered Level 1 of the Lair of Beasts
 19768 | D:10     | Found a staircase to the Orcish Mines.
 19960 | D:10     | Reached *** piety under Sif Muna
 20309 | D:10     | Found an iron altar of Okawaru.
 20413 | D:10     | Reached XP level 11. HP: 48/48 MP: 10/23
 20616 | D:10     | Noticed a two-headed ogre
 20645 | D:10     | Killed a two-headed ogre
 20646 | D:10     | Reached skill level 8 in Spellcasting
 21274 | D:11     | Noticed a two-headed ogre
 21278 | D:11     | Killed a two-headed ogre
 22402 | D:11     | Noticed a two-headed ogre
 22410 | D:11     | Killed a two-headed ogre
 22411 | D:11     | Reached skill level 9 in Spellcasting
 22439 | D:11     | Noticed a five-headed hydra
 23226 | D:11     | Killed a five-headed hydra
 23704 | D:11     | Noticed a two-headed ogre
 23708 | D:11     | Killed a two-headed ogre
 23868 | D:12     | Noticed a two-headed ogre
 23869 | D:12     | Noticed a two-headed ogre
 23872 | D:12     | Killed a two-headed ogre
 23873 | D:12     | Reached skill level 10 in Spellcasting
 24207 | D:12     | Noticed a two-headed ogre
 24210 | D:12     | Killed a two-headed ogre
 24271 | D:12     | Killed a two-headed ogre
 24744 | D:12     | Noticed a boulder beetle
 24844 | D:12     | Reached skill level 5 in Necromancy
 24844 | D:12     | Reached skill level 5 in Earth Magic
 25056 | D:12     | Killed a boulder beetle
 25057 | D:12     | Reached XP level 12. HP: 52/52 MP: 22/27
 25187 | D:13     | Reached skill level 11 in Spellcasting
 25519 | D:13     | Noticed a tengu warrior
 25530 | D:13     | Killed a tengu warrior
 26126 | D:13     | Found a runed translucent gate.
 26126 | D:13     | Found a runed translucent gate.
 26126 | D:13     | Found a runed translucent gate.
 26141 | D:13     | Noticed a tengu warrior
 26146 | D:13     | Killed a tengu warrior
 26147 | D:13     | Reached skill level 5 in Ice Magic
 26520 | D:13     | Noticed Xuta's ghost (journeyman FoFi)
 26943 | D:9      | Learned a level 2 spell: Corpse Rot
 28003 | D:9      | Reached skill level 12 in Spellcasting
 28195 | D:9      | Reached **** piety under Sif Muna
 28532 | Lair:1   | Reached skill level 1 in Conjurations
 28626 | Lair:1   | Identified the ring of Symmetry {rF+ rCorr Str+7}
 29295 | Lair:1   | Identified the +0 robe of Tempters {Harm Str-5 SInv
                  | Archmagi}
 29507 | Lair:1   | Found a transporter.
 29511 | Lair:1   | Found a transporter.
 29512 | Lair:1   | Noticed pkoi's ghost (journeyman SpMo)
 29745 | Lair:1   | Noticed Joseph
 29751 | Lair:1   | Killed Joseph
 30627 | Lair:2   | Reached skill level 5 in Dodging
 31277 | Lair:2   | Noticed an eight-headed hydra
 31513 | Lair:2   | Noticed Urug
 31519 | Lair:2   | Killed Urug
 31708 | Lair:2   | Reached XP level 13. HP: 56/56 MP: 21/30
 32261 | Lair:3   | Found a runed translucent gate.
 32262 | Lair:3   | Found a runed translucent gate.
 32263 | Lair:3   | Found a runed translucent gate.
 32265 | Lair:3   | Noticed mortz's ghost (journeyman HuCj)
 32275 | Lair:3   | Noticed Fannar
 32287 | Lair:3   | Killed Fannar
 32621 | Lair:3   | Found a hole to the Spider Nest.
 32699 | Lair:3   | Noticed Rupert
 32700 | Lair:3   | Reached skill level 1 in Invocations
 32819 | Lair:3   | Killed Rupert
 33555 | Lair:3   | Got the Guide on Cold
 34427 | Lair:3   | Reached skill level 13 in Spellcasting
 35164 | Lair:4   | Noticed Sonja
 35467 | Lair:4   | Noticed Nessos
 36007 | Lair:4   | Reached ***** piety under Sif Muna
 36258 | Lair:4   | Reached skill level 5 in Invocations
 36330 | Lair:4   | Received a gift from Sif Muna
 36331 | Lair:4   | Got Gibbievi's Almanac of Focus {god gift}
 36801 | Lair:4   | Shot with an arrow by Nessos

Illustrated notes

Levels and vault maps discovered:
D:1:      saegor_arrival_under_anarchy, layout_loops_ring,
          hellmonk_ecumenical_altar_pennies_from_heaven
D:2:      layout_loops_corners, uniq_natasha
D:3:      minmay_angry_zag, layout_basic, demons_altar,
          lemuel_zombie_altar_kikubaaqudgha
D:4:      cheibrodos_old_hovel, layout_gridville, kennysheep_mini,
          nicolae_ru_sacrificial_ziggurat, nicolae_overflow_crystal_walls,
          minmay_temple_entry_wispy, hangedman_decor_diamond_cutter, uniq_pikel
D:5:      layout_gridville, uniq_blork_the_orc
D:6:      layout_rooms, mainiacjoe_overflow_tiny_flanked,
          nicolae_gozag_seed_capital, serial_shops, shop, uniq_maggie,
          uniq_edmund, uniq_grinder
D:7:      layout_basic, mainiacjoe_overflow_boulevard, kennysheep_little_box
D:8:      layout_basic, uniq_grum
D:9:      layout_basic, lemuel_tele_altar, vehumet_statue,
          nicolae_dithmenos_shadow_blocks, serial_shops, nicolae_square_shop,
          enter_bailey_3, kennysheep_windowed_goal
D:10:     layout_grid_maze, mainiacjoe_overflow_alcove_4, orc_0_dummy
D:11:     layout_cave_pools
D:12:     layout_rooms, grunt_ministairs_2
D:13:     layout_rooms, serial_aquarium, aquarium_bridge_long_separate
          [aquarium_subvault_bridge, aquarium_subvault_balcony,
          aquarium_subvault_bridge, aquarium_subvault_bridge,
          aquarium_subvault_bridge, aquarium_subvault_window],
          aquarium_bridge_square [aquarium_subvault_window,
          aquarium_subvault_balcony, aquarium_subvault_bridge,
          aquarium_subvault_bridge], aquarium_window_corridor_2,
          aquarium_window_corner, aquarium_window_fake, aquarium_view_2d,
          aquarium_pool_five, gammafunk_ghost_spectres
Temple:   jpeg_temple_island
Lair:1:   beast_lair_carwin_large_1, layout_gridlike, gammafunk_ghost_arena,
          uniq_joseph
Lair:2:   layout_roguey, forest_entry_grove, infiniplex_staircase_pool_2,
          uniq_urug
Lair:3:   layout_cave_pods, spider_nest_entry_a, ebering_ghost_rock_garden,
          minmay_lindwurm_lava, uniq_fannar, uniq_rupert
Lair:4:   wad_woods_minihive, layout_gridlike, minmay_shoals_entry_beasts,
          st_stairs_10, uniq_nessos, uniq_sonja

Skill      XL: |  1  2  3  4  5  6  7  8  9 10 11 12 13 |
---------------+----------------------------------------+-----
Air Magic      | 3 4 5 6 7 9 10 11 12 | 12.0
Short Blades   | 1 |  1.2
Stealth        | 4 5 7 9 11 12 | 12.0
Spellcasting   | 5 7 10 12 13 | 13.7
Poison Magic   | 2 3 |  3.0
Necromancy     | 3 5 6 7 |  7.1
Earth Magic    | 3 5 6 7 |  7.1
Ice Magic      | 2 4 6 |  6.0
Dodging        | 5 6 |  6.1
Conjurations   | 2 3 |  3.0
Invocations    | 5 |  5.2
Fighting       | |  0.8

Action                   |  1- 3 |  4- 6 |  7- 9 | 10-12 | 13-15 || total
-------------------------+-------+-------+-------+-------+-------++-------
Melee: Dagger            |    17 |       |     5 |    24 |       ||    46
       Unarmed           |     1 |       |       |       |       ||     1
       Short sword       |       |    57 |    18 |    10 |       ||    85
       Quarterstaff      |       |       |       |     2 |       ||     2
       Staff             |       |       |       |       |     5 ||     5
 Cast: Shock             |    80 |   178 |    72 |       |       ||   330
       Airstrike         |       |       |   104 |   328 |   139 ||   571
       Poisonous Vapours |       |       |       |    81 |    24 ||   105
       Frozen Ramparts   |       |       |       |     2 |     2 ||     4
       Corpse Rot        |       |       |       |     1 |       ||     1
       Borgnjor's Vile C |       |       |       |       |     4 ||     4
Invok: Forget Spell      |       |       |       |       |     1 ||     1
Evoke: Wand              |       |       |       |     1 |       ||     1
  Use: Scroll            |     1 |    12 |     4 |     8 |       ||    25
       Potion            |       |       |     1 |     4 |       ||     5
 Stab: Sleeping          |     1 |     3 |     1 |       |       ||     5
Armor: Robe              |     3 |     6 |     7 |     9 |       ||    25
Dodge: Dodged            |    26 |    58 |    47 |   127 |    13 ||   271
